AoeStats
← 公鸡神探

Arena

506643595Analyzed
4v4 RM · 18d ago on Sep 14, 2026· 46m 10s· 8 players
Game mode
Random Map
Map size
Large (8 player)
Population
200
Speed
Normal
Resources
Standard
Victory
Conquest
Starting age
Dark Age
Ending age
Imperial Age
RankedLock teamsTeams togetherTeam positionsShared explorationLock speedFull tech treeHidden civsTurbo modeCheats
Victory
Defeat
🇨🇳 Franks · China
1272
+14
🇨🇳 Dravidians · China
1268
+14
🇩🇪 Koreans · Germany
1257
+15
🇦🇺 Saracens · Australia
1190
+18
🇨🇳 Franks · China
1271
-17
🇨🇳 Inca · China
1263
-17
🇭🇰 Poles · Hong Kong SAR China
1244
-16
1135
-11
imkl
11:05 Feudal Age
12:28 Wheelbarrow
14:58 Castle Age
12:41 Horse Collar
14:33 Double-Bit Axe
15:57 Heavy Plow
21:24 Bow Saw
21:52 Loom
22:41 Stone Mining
23:37 Gold Mining
24:36 Forging
24:27 Scale Mail Armor
24:33 Scale Barding Armor
28:34 Imperial Age
27:03 Hand Cart
27:49 Iron Casting
27:05 Fletching
27:41 Chain Mail Armor
28:12 Fletching
29:51 Conscription
30:07 Crop Rotation
29:19 Elite Obuch
32:03 Blast Furnace
31:33 Plate Mail Armor
30:59 Bodkin Arrow
32:59 Stone Shaft Mining
36:44 Bracer
39:44 Chain Barding Armor
39:24 Light Cavalry
40:15 Bloodlines
40:05 Husbandry
40:35 Winged Hussar
无甲的joe
10:08 Feudal Age
14:00 Castle Age
11:51 Double-Bit Axe
21:14 Scale Barding Armor
21:51 Forging
29:17 Chain Barding Armor
29:33 Iron Casting
31:02 Bow Saw
31:58 Wheelbarrow
33:54 Imperial Age
32:25 Stone Mining
32:28 Gold Mining
32:57 Town Watch
33:28 Hand Cart
34:58 Gold Shaft Mining
33:55 Cavalier
34:35 Husbandry
35:19 Plate Barding Armor
35:28 Chivalry
35:17 Paladin
40:52 Blast Furnace
39:48 Pikeman
40:29 Squires
40:14 Arson
40:40 Halberdier
41:58 Scale Mail Armor
44:04 Chain Mail Armor
45:31 Light Cavalry
公鸡神探
12:16 Feudal Age
12:21 Feudal Age
15:58 Castle Age
14:27 Double-Bit Axe
15:27 Horse Collar
17:13 Fletching
28:50 Scale Mail Armor
29:01 Forging
30:15 Bow Saw
30:06 Heavy Plow
30:13 Heavy Plow
30:04 Gold Mining
33:08 Imperial Age
31:17 Wheelbarrow
32:17 Devotion
32:58 Sanctity
34:18 Illumination
34:09 Block Printing
34:22 Chain Mail Armor
34:43 Crop Rotation
34:11 Champi Runner
34:52 Squires
34:38 Arson
35:33 Redemption
35:00 Champi Warrior
36:22 Plate Mail Armor
37:23 Theocracy
36:51 Elite Champi Warrior
40:35 Iron Casting
翻斗花园突破手绫小路
12:31 Feudal Age
13:28 Double-Bit Axe
13:28 Horse Collar
16:39 Castle Age
15:42 Stone Mining
19:33 Gold Mining
21:17 Loom
23:40 Scale Mail Armor
25:28 Man-at-Arms
26:12 Squires
42:16 Bow Saw
锅巴王子1
10:53 Feudal Age
11:58 Double-Bit Axe
14:33 Castle Age
12:54 Horse Collar
15:45 Bow Saw
20:39 Gold Mining
21:46 Heavy Plow
23:08 Wheelbarrow
22:31 Stone Mining
24:23 Hand Cart
25:02 Fletching
28:12 Imperial Age
26:04 Padded Archer Armor
25:59 Bodkin Arrow
26:07 Devotion
26:31 Ballistics
26:21 Masonry
26:25 Loom
26:26 Town Watch
28:54 Leather Archer Armor
28:48 Elite Elephant Archer
30:28 Bracer
31:38 Chemistry
30:49 Thumb Ring
30:56 Husbandry
33:21 Conscription
33:52 Bombard Tower
34:19 Ring Archer Armor
35:35 Medical Corps
41:44 Hoardings
41:32 Wootz Steel
45:05 Murder Holes
K!ng_bob
10:05 Feudal Age
11:40 Loom
14:36 Castle Age
14:16 Double-Bit Axe
18:19 Horse Collar
18:51 Gold Mining
25:00 Stone Mining
25:08 Fletching
30:47 Wheelbarrow
32:32 Gold Shaft Mining
31:57 Town Watch
32:58 Bow Saw
33:21 Bodkin Arrow
34:02 Pikeman
37:04 Squires
37:25 Hand Cart
38:54 Scale Mail Armor
39:06 Forging
39:35 Stone Shaft Mining
39:14 Heavy Plow
45:15 Iron Casting
46:12 Ballistics
45:37 Treadmill Crane
46:15 Caravan
46:46 Coinage
那你想怎样?
11:12 Feudal Age
14:48 Castle Age
12:36 Double-Bit Axe
18:54 Bow Saw
20:33 Wheelbarrow
24:19 Scale Barding Armor
25:54 Hand Cart
25:25 Loom
25:27 Town Watch
26:25 Gold Mining
28:00 Chain Barding Armor
27:51 Forging
30:31 Imperial Age
31:19 Iron Casting
31:17 Coinage
31:07 Husbandry
30:47 Cavalier
31:53 Conscription
32:47 Plate Barding Armor
33:13 Blast Furnace
32:50 Banking
32:26 Paladin
33:49 Scale Mail Armor
33:40 Fletching
34:31 Gold Shaft Mining
33:47 Stone Mining
36:18 #83
38:53 Chemistry
38:13 Ballistics
38:04 Masonry
37:50 Murder Holes
38:56 Hoardings
38:51 Chain Mail Armor
38:39 Caravan
39:48 Elite Throwing Axeman
40:30 Chivalry
41:57 Siege Engineers
42:23 Architecture
43:07 Plate Mail Armor
43:07 Bodkin Arrow
44:03 Hoardings
44:23 Squires
44:08 Arson
43:44 Pikeman
Lappers
10:18 Feudal Age
8:38 Loom
14:08 Castle Age
12:55 Double-Bit Axe
12:53 Horse Collar
14:30 Gold Mining
15:18 Bow Saw
17:39 Sanctity
19:29 Redemption
19:19 Town Watch
28:11 Fervor
34:04 Imperial Age
33:05 Fletching
34:59 Wheelbarrow
33:46 Elite Skirmisher
33:47 Crossbowman
34:36 Thumb Ring
35:36 Gold Shaft Mining
36:20 Bodkin Arrow
36:10 Arbalester
36:52 Padded Archer Armor
38:19 Bracer
38:41 Leather Archer Armor
39:34 Chemistry
39:54 Ballistics
39:45 Masonry
41:05 Ring Archer Armor
42:01 Two-Man Saw
43:55 Conscription
43:49 Caravan
44:05 Elite Mameluke
45:45 Scale Barding Armor
46:43 Counterweights
Connection lost

Rejoining the realm…

Still unreachable

The connection could not be restored.

Session expired

The server has moved on; the page needs a fresh start.